 Dungeon Crawl Stone Soup version 0.30-a0-122-g2a1322497e (webtiles) character file.

Game seed: 2403824319807421897

1059 Hubris850 the Conjurer (level 8, -2/61 HPs)
             Began as a Yellow Draconian Conjurer on Sept 16, 2022.
             Succumbed to Duvessa's poison
             ... on level 7 of the Dungeon.
             The game lasted 00:19:10 (4301 turns).

Hubris850 the Conjurer (Yellow Draconian Conjurer)  Turns: 4301, Time: 00:19:10

Health: -2/61      AC:  6    Str:  9    XL:     8   Next: 6%
Magic:  5/23       EV: 16    Int: 21    God:
Gold:   206        SH:  3    Dex: 10    Spells: 4/15 levels left

rFire   . . .      SeeInvis .    A - +0 rapier (elec)
rCold   . . .      Faith    .    C - +0 buckler
rNeg    . . .      Spirit   +    (body armour unavailable)
rPois   .          Reflect  .    (helmet restricted)
rElec   .          Harm     .    m - scarf {shadows}
rCorr   +          Rampage  .    (no gloves)
Will    .....                    (no boots)
Stlth   ++........               j - amulet of guardian spirit
HPRegen 0.20/turn                f - +4 ring of evasion
MPRegen 0.18/turn                g - ring of magical power

@: lethally poisoned (-2 -> -43)
A: spit acid, AC +6, unfitting armour, cold-blooded, acid resistance
a: Breathe Acid


You were on level 7 of the Dungeon.
You visited 1 branch of the dungeon, and saw 7 of its levels.

You collected 206 gold pieces.

Inventory:

Hand Weapons
 b - a +3 trident
 A - a +0 rapier of electrocution (weapon)
Missiles
 n - 4 curare-tipped darts
 v - a throwing net
Armour
 m - a scarf of shadows (worn)
 C - a +0 buckler (worn)
Magical Staves
 y - a staff of fire
Jewellery
 e - an amulet of magic regeneration
 f - a +4 ring of evasion (left hand)
 g - a ring of magical power (right hand)
 j - an amulet of guardian spirit (around neck)
 s - an amulet of regeneration
Scrolls
 c - 5 scrolls of identify {unknown}
 d - a scroll of vulnerability {unknown}
 i - a scroll of fog {unknown}
 k - 4 scrolls of enchant armour {unknown}
 l - 3 scrolls of immolation {unknown}
 o - a scroll of noise {unknown}
 p - a scroll of amnesia {unknown}
 q - a scroll of magic mapping {unknown}
 r - a scroll of summoning {unknown}
 x - a scroll of enchant weapon {unknown}
 B - a scroll of brand weapon {unknown}
 E - a scroll of blinking {unknown}
Potions
 a - 3 potions of magic
 h - 4 potions of curing {unknown}
 t - a potion of heal wounds {unknown}
 u - a potion of invisibility {unknown}
 w - a potion of might {unknown}
 z - a potion of brilliance {unknown}
 D - a potion of haste {unknown}


   Skills:
 - Level 2.0 Fighting
 - Level 4.0 Dodging
 - Level 3.0 Stealth
 + Level 0.3 Shields
 + Level 4.4 Spellcasting
 + Level 6.0 Conjurations
 + Level 2.8 Hexes
 - Level 3.0 Translocations


You had 4 spell levels left.
You knew the following spells:

 Your Spells              Type           Power      Damage    Failure   Level
a - Magic Dart            Conj           100%       1d8       1%          1
b - Searing Ray           Conj           58%        2d6       1%          2
c - Fulminant Prism       Conj/Hex       11%        3d9       26%         4
d - Iskenderun's Mystic   Conj/Tloc      23%        2d6       24%         4

Your spell library contained the following spells:

 Spells                   Type           Power      Damage    Failure   Level
 Dazzling Flash           Conj/Hex       46%        N/A       8%          3
 Summon Lightning Spire   Summ/Air       4%         N/A       83%         4
 Irradiate                Conj/Tmut      8%         3d14      77%         5
 Blade Hands              Tmut           2%         N/A       99%         5
 Dragon Form              Tmut           2%         N/A       100%        7
 Storm Form               Tmut/Air       2%         N/A       100%        7
 Maxwell's Capacitive Co  Air            2%         ∞         100%        8


Dungeon Overview and Level Annotations

Branches:
Dungeon (8/15)
 Temple: D:4-7         Lair: D:8-11

Altars:
The Shining One

Portals:
Bailey: D:7

Annotations:
D:7 Duvessa
D:8 3 runed translucent doors


Innate Abilities, Weirdness & Mutations

You can spit globs of acid.
Your golden yellow scales are hard. (AC +6)
You cannot fit into any form of body armour.
You are cold-blooded and may be slowed by cold attacks.
You are resistant to acid. (rCorr)


Message History

Duvessa is poisoned.
Duvessa convulses.
Duvessa seems to slow down.
Duvessa is severely wounded.
You feel very sick. You block Duvessa's attack.
Throw: 2 throwing nets
Press: ? - help, Shift-Dir - straight line, f/p - Duvessa
Aim: Duvessa, wielding a +1 short sword of venom and wearing a +0 chain mail (severely wounded, berserk, fast, very poisoned, slow, 68% to hit)
You throw a throwing net. The throwing net barely misses Duvessa.
You feel sick. Duvessa misses you.
You closely miss Duvessa.
Duvessa is severely wounded.
You feel sick. Duvessa barely misses you.
You barely miss Duvessa.
Duvessa is severely wounded.
You feel sick.
Duvessa hits you with a +1 short sword of venom!
You hit Duvessa. Lightning courses through Duvessa!
You tail-slap Duvessa, but do no damage.
Duvessa is almost dead.
You feel sick.
Duvessa hits you with a +1 short sword of venom!
You are more poisoned.
You hit Duvessa but do no damage.
You tail-slap Duvessa, but do no damage.
Duvessa is almost dead.
You feel extremely sick.
Duvessa hits you with a +1 short sword of venom!
You are lethally poisoned!
Duvessa barely misses you.
You hit Duvessa but do no damage.
Duvessa is almost dead.
* * * LOW HITPOINT WARNING * * *
You feel extremely sick.
Duvessa hits you with a +1 short sword of venom.
* * * LOW HITPOINT WARNING * * *
You are more poisoned.
You hit Duvessa but do no damage.
Duvessa is almost dead.
You die...

## ### #.# #.# .8.#.# #
#.#.# ######
#.#.8.###.....#
#.#.#.#........ ..
#.8.#.#.......e ..##
#.#.#.#@e....(.
......##.#.8.#........
........#.#∩#.#........
.....#..#.#8#.#........
.......................
!..................$...
...............##.....#
.......>.####### ######
.........#


You could see Duvessa (berserk, fast, poisoned, slow).

Vanquished Creatures
  Sigmund (D:3)
  A black bear (D:4)
  An ice beast (D:5)
  2 ogres (D:5)
  2 scorpions
  A gnoll sergeant (D:5)
  Dowan (D:7)
  A howler monkey (D:5)
  A hound (D:2)
  11 gnolls
  6 adders
  An ufetubus (D:4)
  3 dart slugs
  A worm (D:2)
  7 orcs
  7 ball pythons
  9 endoplasms
  2 giant cockroaches
  13 goblins
  11 hobgoblins
  3 jackals (D:1)
  5 kobolds
  4 quokkas
  5 bats
  5 frilled lizards
  3 rats
107 creatures vanquished.

Vanquished Creatures (others)
  3 fulminant prisms
3 creatures vanquished.

Grand Total: 110 creatures vanquished

Notes
Turn   | Place    | Note
-------+----------+-------------------------------------------
     0 | D:1      | Hubris850 the Draconian Conjurer began the quest for the
                  | Orb.
     0 | D:1      | Reached XP level 1. HP: 14/14 MP: 3/3
   190 | D:1      | Reached XP level 2. HP: 20/20 MP: 0/5
   252 | D:1      | Learned a level 2 spell: Searing Ray
   273 | D:1      | Found a faded altar of an unknown god.
   541 | D:1      | Reached XP level 3. HP: 27/27 MP: 6/6
   814 | D:2      | Reached skill level 1 in Fighting
  1046 | D:2      | Reached XP level 4. HP: 35/35 MP: 7/7
  2002 | D:3      | Noticed Sigmund
  2008 | D:3      | Killed Sigmund
  2009 | D:3      | Reached XP level 5. HP: 41/41 MP: 9/9
  2134 | D:3      | Reached XP level 6. HP: 48/48 MP: 10/10
  2212 | D:3      | Reached skill level 5 in Conjurations
  2255 | D:3      | Learned a level 4 spell: Fulminant Prism
  2260 | D:3      | Learned a level 4 spell: Iskenderun's Mystic Blast
  3496 | D:4      | Found a glowing golden altar of the Shining One.
  3505 | D:4      | Reached skill level 1 in Hexes
  3505 | D:4      | Reached skill level 1 in Translocations
  3559 | D:5      | Entered Level 5 of the Dungeon
  3571 | D:5      | Your scales start taking on a golden yellow colour.
  3571 | D:5      | Reached XP level 7. HP: 55/55 MP: 12/12
  3571 | D:5      | Gained mutation: You are resistant to acid. (rCorr) [Yellow
                  | Draconian growth]
  4118 | D:5      | Reached XP level 8. HP: 61/61 MP: 14/14
  4123 | D:5      | You fall into a shaft and drop 3 floors!
  4150 | D:8      | Found a runed translucent gate.
  4151 | D:8      | Found a runed translucent gate.
  4151 | D:8      | Found a runed translucent gate.
  4258 | D:7      | Found a flagged portal.
  4284 | D:7      | Noticed Duvessa
  4284 | D:7      | Noticed Dowan
  4291 | D:7      | Killed Dowan
  4292 | D:7      | Reached skill level 6 in Conjurations
  4301 | D:7      | Succumbed to Duvessa's poison

Illustrated notes

Levels and vault maps discovered:
D:1:      tarquinn_simple_flora_water_c, layout_rooms,
          shapermc_ecumenical_altar_pompeii, serial_bayou_pond_e
D:2:      layout_loops_cross
D:3:      cheibrodos_greedy_goblins, layout_basic, st_stairs_7, minmay_cut_off,
          uniq_sigmund
D:4:      layout_basic, tso_altar
D:5:      layout_gridville, uniq_grinder
D:7:      kennysheep_slugbush, layout_rooms, nicolae_overflows_in_rows,
          enter_bailey_8, uniq_crazy_yiuf_cottage, uniq_joseph, uniq_duvessa
D:8:      layout_basic, gammafunk_ghost_necromancy

Skill      XL: |  1  2  3  4  5  6  7  8 |
---------------+-------------------------+-----
Dodging        | 2 3 4 |  4.0
Stealth        | 2 3 |  3.0
Fighting       | 1 2 |  2.0
Spellcasting   | 3 4 |  4.4
Conjurations   | 5 6 |  6.0
Hexes          | 1 2 |  2.8
Translocations | 1 2 3 |  3.0
Shields        | |  0.3

Action                   |  1- 3 |  4- 6 |  7- 9 || total
-------------------------+-------+-------+-------++-------
Melee: Trident           |    22 |    30 |       ||    52
       Tailslap          |     2 |     1 |     5 ||     8
       Rapier            |       |    22 |    40 ||    62
Throw: Dart              |       |     8 |    10 ||    18
       Throwing net      |       |       |     1 ||     1
 Cast: Magic Dart        |    52 |    80 |    30 ||   162
       Searing Ray       |       |     4 |     1 ||     5
       Fulminant Prism   |       |       |     3 ||     3
 Abil: Breathe Acid      |       |       |     1 ||     1
Armor: Skin              |    10 |    17 |    18 ||    45
Dodge: Dodged            |    24 |    45 |    88 ||   157
Block: Buckler           |       |       |     1 ||     1

Table legend: (Time is in decaauts)
 A = Elapsed time spent in this place.
 B = Non-inter-level travel time spent in this place.
 C = Inter-level travel time spent in this place.
 D = Time resting spent in this place.
 E = Time spent auto-exploring this place.
 F = Levels seen in this place.
 G = Mean time per level.
                   A        B        C        D        E       F      G
               +--------+--------+--------+--------+--------+-----+--------+
         Total |   4331 |   4224 |    107 |    243 |   3075 |   7 |  618.7 |
       Dungeon |   4331 |   4224 |    107 |    243 |   3075 |   7 |  618.7 |
               +--------+--------+--------+--------+--------+-----+--------+

Top non-repeatable levels by time:
     D:3: 1153 daAuts
     D:2: 991 daAuts
     D:4: 847 daAuts
     D:1: 705 daAuts
     D:5: 453 daAuts
     D:8: 134 daAuts
     D:7: 44 daAuts
